 Dungeon Crawl Stone Soup version 0.25-a0-632-g7713895 (webtiles) character file.

Game seed: 18103340157160642311, levelgen mode: deterministic

19092 robertstho the Spear-Bearer (level 12, -1/107 HPs)
             Began as a Hill Orc Fighter on Mar 19, 2020.
             Was a High Priest of Beogh.
             Slain by an elephant (12 damage)
             ... on level 3 of the Lair of Beasts.
             The game lasted 00:31:55 (14856 turns).

robertstho the Spear-Bearer (Hill Orc Fighter)     Turns: 14856, Time: 00:31:55

Health: -1/107     AC: 23    Str: 24    XL:     12   Next: 65%
Magic:  16/18      EV:  8    Int: 15    God:    Beogh [*****.]
Gold:   237        SH: 11    Dex: 10    Spells: 11/11 levels left

rFire    + . .     SeeInvis .   r - +2 spear (vorpal)
rCold    x . .     Gourm    .   c - +0 kite shield
rNeg     + . .     Faith    .   p - +0 plate armour
rPois    +         Spirit   .   (no helmet)
rElec    .         Reflect  .   O - +2 cloak {rPois}
rCorr    .         Harm     .   G - +1 pair of gloves
MR       .....                  x - +1 pair of boots of Wu Jian's Wrath {Int+7}
Stlth    ..........             (no amulet)
HPRegen  0.27/turn              k - ring of fire
MPRegen  0.16/turn              F - ring of positive energy

@: about to teleport
A: walk on water
a: Smiting, Recall Orcish Followers, Give Item to Named Follower, Renounce
Religion


You were on level 3 of the Lair of Beasts.
You worshipped Beogh.
Beogh was extremely pleased with you.
You were not hungry.

You visited 2 branches of the dungeon, and saw 15 of its levels.
You also visited: Ossuary.

You collected 934 gold pieces.
You spent 697 gold pieces at shops.

Inventory:

Hand Weapons
 a - a +0 trident
 r - a +2 vorpal spear (weapon)
 T - a +5 flail of holy wrath
Missiles
 j - 8 javelins (quivered)
Armour
 c - a +0 kite shield (worn)
 p - a +0 plate armour (worn)
 x - the +1 pair of boots of Wu Jian's Wrath (worn) {Int+7}
   (You found it on level 5 of the Dungeon)

   It affects your intelligence (+7).
 G - a +1 pair of gloves (worn)
 O - a +2 cloak of poison resistance (worn)
Jewellery
 k - a ring of fire (left hand)
 u - an uncursed amulet of guardian spirit
 F - a ring of positive energy (right hand)
 K - an uncursed ring of ice
 S - an uncursed ring of poison resistance
Wands
 v - a wand of iceblast (6)
 y - a wand of disintegration (15)
 H - a wand of flame (18)
 I - a wand of polymorph (9)
 J - a wand of digging (5)
 R - a wand of scattershot (4)
 U - a wand of clouds (3)
Scrolls
 b - 5 scrolls of remove curse
 h - 5 scrolls of fog
 l - 3 scrolls of amnesia {unknown}
 m - 5 scrolls of enchant weapon
 o - 2 scrolls of magic mapping {unknown}
 s - 4 scrolls of enchant armour {unknown}
 w - 2 scrolls of teleportation
 z - 2 scrolls of noise {unknown}
 A - 6 scrolls of immolation {unknown}
 B - a scroll of torment {unknown}
 C - 4 scrolls of blinking {unknown}
 E - a scroll of brand weapon {unknown}
 L - 2 scrolls of identify
 V - a scroll of summoning
 Y - a scroll of vulnerability
Potions
 d - a potion of resistance
 e - 9 potions of curing
 g - 7 potions of flight
 i - 3 potions of ambrosia
 n - a potion of invisibility
 q - 3 potions of cancellation
 t - 4 potions of lignification
 D - a potion of stabbing
Comestibles
 f - 20 rations
 M - 6 chunks of flesh


   Skills:
 * Level 10.4 Fighting
 * Level 12.3 Polearms
 * Level 10.6 Armour
 * Level 5.8 Dodging
 - Level 0.2 Stealth
 + Level 8.7 Shields
 * Level 8.4 Invocations


You had 11 spell levels left.
You didn't know any spells.
Your spell library contained the following spells:

 Spells                   Type           Power        Failure   Level  Hunger
 Corona                   Hex            #......      100%        1    ##.....
 Magic Dart               Conj           #...         100%        1    ##.....
 Ensorcelled Hibernation  Hex/Ice        #.....       100%        2    ###....
 Searing Ray              Conj           #.....       100%        2    ###....
 Confusing Touch          Hex            #.......     100%        3    ####...
 Dazzling Flash           Conj/Hex       #.....       100%        3    ####...
 Ozocubu's Armour         Chrm/Ice       #.......     100%        3    ####...
 Tukima's Dance           Hex            #.......     100%        3    ####...
 Fulminant Prism          Conj/Hex       #.........   100%        4    #####..
 Ice Form                 Ice/Tmut       #.......     100%        4    #####..
 Iskenderun's Mystic Bla  Conj/Tloc      #.......     100%        4    #####..
 Summon Lightning Spire   Summ/Air       #.......     100%        4    #####..
 Irradiate                Conj/Tmut      #.........   100%        5    ######.
 Hydra Form               Tmut           #.........   100%        6    #######
 Statue Form              Tmut/Erth      #........    100%        6    #######
 Dragon Form              Tmut           #.........   100%        7    #######


Dungeon Overview and Level Annotations

Branches:
Dungeon (12/15)            Temple (0/1) D:7            Lair (3/6) D:9
 Spider (0/4) Lair:3          Orc (0/2) D:12        Ossuary (visited)
  Swamp: Lair:2-4    Shoals: Lair:2-4

Altars:
Dithmenos
Elyvilon
Gozag
Sif Muna
Beogh

Shops:
D:7 *   D:12 (([?

Annotations:
D:5 2 transporters, giantbat's ghost, novice VSGl
D:9 2 transporters, Zeldest's ghost, novice TrWz


Message History

You feel sick.
You feel better.
The wolf bites the plant.
The wolf bites the plant but does no damage.
The wolf bites the plant.
The elephant tramples the plant.
The elephant trunk-slaps the plant but does no damage.
Nothing appears to have answered your call.
The elephant closely misses you.
The elephant trunk-slaps you but does no damage.
You hit the elephant but do no damage. You block the elephant's attack.
The elephant misses you.
The elephant tramples the plant but does no damage.
The elephant trunk-slaps the plant.
You hit the elephant but do no damage. The elephant tramples you!
* * * LOW HITPOINT WARNING * * *
You stumble backwards!
Okay, then.
As you read the scroll of teleportation, it crumbles to dust.
You feel strangely unstable. The elephant tramples you!
You die...

#..# ###P.### #......#
.## ## #......#
....#.###
#......######
#.....P.#
#.......'..<..
#..Yh#####
##......#.###.
#PYY.hY.####........##
#.
####h##Y@...+......##
## ######..##......#
####.#.#### ####


You could see 5 elephants and 2 wolves.

Vanquished Creatures
  2 two-headed ogres
  The ghost of Charmandara the Destroyer, a novice OgFE of Zin (D:7)
  A wizard (D:11)
  An unseen horror (D:10)
  A manticore (D:12)
  A cyclops (D:10)
  2 black mambas
  3 spiny frogs (Lair:1)
  7 komodo dragons
  2 blink frogs (Lair:1)
  A troll (D:11)
  A hornet (D:11)
  3 slime creatures (D:12)
  Grinder (D:5)
  6 hippogriffs
  9 yaks
  Grum (D:9)
  3 hungry ghosts
  3 water moccasins
  7 porcupines
  4 ice beasts
  3 orc warriors
  A black bear (D:8)
  A phantom (D:5)
  2 sky beasts
  An eye of draining (D:12)
  4 ogres
  12 centaurs
  4 wolves
  4 crocodiles
  3 big kobolds
  6 bullfrogs
  A gnoll sergeant (D:10)
  A water moccasin zombie (D:7)
  8 scorpions
  5 killer bees
  3 wights (D:7)
  5 howler monkeys
  2 centaur zombies (Ossuary)
  6 crimson imps
  6 jellies
  5 hounds
  3 orc wizards
  2 human zombies (Ossuary)
  3 orc priests
  2 bullfrog skeletons
  9 worker ants
  Ijyb (D:4)
  2 iguanas
  4 hound skeletons
  6 mummies
  13 adders
  4 gnolls
  A shadow imp (D:5)
  7 oozes
  4 adder skeletons
  4 worms
  A dart slug (D:1)
  6 leopard geckos
  26 orcs
  11 giant cockroaches
  A gnoll zombie (Ossuary)
  5 goblins
  4 hobgoblins
  6 jackals
  4 quokkas
  3 ball pythons
  6 bats
  4 frilled lizards
  3 goblin zombies
  A hobgoblin zombie (Ossuary)
  15 kobolds
  A leopard gecko skeleton (D:4)
  An orc zombie (Ossuary)
  8 rats
314 creatures vanquished.

Vanquished Creatures (collateral kills)
  A slime creature (D:12)
  A blink frog (Lair:1)
  2 yaks
  2 centaurs
  A big kobold (D:10)
  3 orcs
  3 kobolds
13 creatures vanquished.

Vanquished Creatures (others)
  4 orc warriors
  3 orc priests
  5 orc wizards
  18 orcs
  A fungus (Lair:1)
31 creatures vanquished.

Grand Total: 358 creatures vanquished

Notes
Turn   | Place    | Note
-------+----------+-------------------------------------------
     0 | D:1      | robertstho the Hill Orc Fighter began the quest for the
                  | Orb.
     0 | D:1      | Reached XP level 1. HP: 19/19 MP: 1/1
    37 | D:1      | Reached XP level 2. HP: 23/27 MP: 2/2
   705 | D:2      | Reached XP level 3. HP: 30/33 MP: 3/3
  1160 | D:2      | Reached skill level 3 in Polearms
  1160 | D:2      | Reached XP level 4. HP: 12/41 MP: 4/4
  1392 | D:2      | Found a shimmering blue altar of Sif Muna.
  1495 | D:1      | Reached skill level 1 in Dodging
  2028 | D:3      | Reached XP level 5. HP: 22/47 MP: 5/5
  2284 | D:3      | Reached skill level 4 in Polearms
  2284 | D:3      | Reached XP level 6. HP: 38/53 MP: 6/6
  2886 | D:4      | Reached skill level 5 in Fighting
  2907 | D:4      | Found a shadowy altar of Dithmenos.
  2981 | D:4      | Noticed Ijyb
  2995 | D:4      | Killed Ijyb
  3031 | D:4      | Reached skill level 5 in Armour
  3082 | D:4      | Reached XP level 7. HP: 61/61 MP: 7/7
  3130 | D:4      | Reached skill level 5 in Polearms
  3493 | D:5      | Entered Level 5 of the Dungeon
  3503 | D:5      | Got a pair of fine boots
  3509 | D:5      | Identified the +1 pair of boots of Wu Jian's Wrath {Int+7}
                  | (You found it on level 5 of the Dungeon)
  3552 | D:5      | Noticed Grinder
  3568 | D:5      | Paralysed by Grinder for 6 turns
  3574 | D:5      | Killed Grinder
  3578 | D:5      | Found a runed translucent door.
  3609 | D:5      | Became a worshipper of Beogh the Brigand
  3614 | D:5      | Found a roughly hewn altar of Beogh.
  3694 | D:5      | Reached skill level 6 in Polearms
  3716 | D:5      | Found a sand-covered staircase.
  3725 | Ossuary  | Entered an ossuary
  3773 | Ossuary  | Reached skill level 1 in Invocations
  3798 | Ossuary  | Reached XP level 8. HP: 58/69 MP: 8/8
  4178 | D:5      | Found a transporter.
  4178 | D:5      | Noticed giantbat's ghost (novice VSGl)
  4230 | D:5      | Reached * piety under Beogh
  4272 | D:5      | Found a transporter.
  4310 | D:5      | Reached skill level 7 in Polearms
  5347 | D:7      | Reached skill level 5 in Shields
  5403 | D:7      | Found a staircase to the Ecumenical Temple.
  5429 | D:7      | Reached XP level 9. HP: 74/78 MP: 11/11
  5479 | D:7      | Reached skill level 8 in Polearms
  5681 | D:7      | Found Telloutu's Assorted Antiques.
  5696 | D:7      | Bought a scroll labeled POIHEQ KITZ for 34 gold pieces
  5696 | D:7      | Bought a silvery potion for 30 gold pieces
  5696 | D:7      | Bought a bubbling puce potion for 30 gold pieces
  5696 | D:7      | Bought a glowing cloak for 255 gold pieces
  5714 | D:7      | Found a runed translucent door.
  5717 | D:7      | Noticed Charmandara's ghost (novice OgFE)
  5945 | D:7      | Killed Charmandara's ghost
  5945 | D:7      | Reached ** piety under Beogh
  5945 | D:7      | Reached skill level 9 in Polearms
  6172 | D:8      | Reached XP level 10. HP: 75/86 MP: 13/13
  6591 | D:8      | Reached skill level 5 in Invocations
  7092 | D:8      | Noticed a two-headed ogre
  7439 | D:8      | Reached skill level 10 in Polearms
  7625 | D:8      | Noticed a two-headed ogre
  7648 | D:8      | Killed a two-headed ogre
  8078 | D:9      | Noticed Grum
  8390 | D:9      | Killed Grum
  8534 | D:9      | Reached XP level 11. HP: 90/95 MP: 15/15
  8695 | D:9      | Found a transporter.
  8700 | D:9      | Reached *** piety under Beogh
  8713 | D:9      | Noticed a moth of wrath
  8715 | D:9      | Noticed Zeldest's ghost (novice TrWz)
  8739 | D:9      | Found a transporter.
  8787 | D:9      | Found a staircase to the Lair.
  9004 | D:10     | Entered Level 10 of the Dungeon
  9183 | D:10     | Killed an unseen horror
  9205 | D:10     | Noticed a cyclops
  9206 | D:10     | Noticed a two-headed ogre
  9218 | D:10     | Killed a two-headed ogre
  9218 | D:10     | Reached skill level 11 in Polearms
  9230 | D:10     | Killed a cyclops
  9925 | D:10     | Found a white marble altar of Elyvilon.
  9984 | D:11     | Found an opulent altar of Gozag.
 10110 | D:11     | Noticed a wizard
 10320 | D:11     | Killed a wizard
 10320 | D:11     | Reached skill level 5 in Dodging
 10472 | D:11     | Identified the Almanac of Congealing Lightness
 10548 | D:11     | Reached **** piety under Beogh
 11108 | D:12     | Found Madoroc's Antique Armour Boutique.
 11131 | D:12     | Found Onuihig's Magic Scroll Shoppe.
 11160 | D:12     | Bought a scroll of identify for 24 gold pieces
 11160 | D:12     | Bought a scroll of identify for 24 gold pieces
 11160 | D:12     | Bought a scroll of vulnerability for 90 gold pieces
 11160 | D:12     | Bought a scroll of identify for 24 gold pieces
 11160 | D:12     | Bought a scroll of teleportation for 36 gold pieces
 11160 | D:12     | Bought a scroll of enchant weapon for 90 gold pieces
 11160 | D:12     | Bought a scroll of fog for 24 gold pieces
 11160 | D:12     | Bought a scroll of teleportation for 36 gold pieces
 11188 | D:12     | Found Leuf's Antique Weapon Shoppe.
 11189 | D:12     | Noticed a manticore
 11229 | D:12     | Killed a manticore
 11370 | D:12     | Found a staircase to the Orcish Mines.
 11370 | D:12     | Noticed a brown ugly thing
 11719 | D:12     | Noticed a green ugly thing
 11746 | D:12     | Found Nikk's Weapon Emporium.
 12124 | Lair:1   | Entered Level 1 of the Lair of Beasts
 12222 | Lair:1   | Reached XP level 12. HP: 101/105 MP: 17/17
 12623 | Lair:1   | Reached skill level 12 in Polearms
 12918 | Lair:1   | Reached skill level 10 in Armour
 13438 | Lair:1   | Reached skill level 10 in Fighting
 14366 | Lair:2   | Reached ***** piety under Beogh
 14595 | Lair:2   | You fall into a shaft and drop 1 floor!
 14834 | Lair:3   | Found a hole to the Spider Nest.
 14856 | Lair:3   | Slain by an elephant

Levels and vault maps discovered:
D:1:      saegor_arrival_simple_e, layout_loops_ring
D:2:      layout_basic, nicolae_overflow_crystal_walls
D:3:      layout_loops_ring
D:4:      layout_loops_ring, nicolae_dithmenos_the_darkroom, uniq_ijyb
D:5:      layout_gridville, first_ration, gammafunk_ghost_mausoleum,
          nicolae_ossuary_entry_giza, lightli_church_of_beogh, uniq_grinder
D:6:      layout_loops_ring
D:7:      layout_basic, minmay_temple_entry_overgrown, serial_shops, shop,
          ebering_ghost_reflecting_pool
D:8:      layout_gridville, grunt_ministairs_4, hangedman_little_slice_of_home,
          wad_dig_loot
D:9:      layout_rooms, lair_entry_dummy, gammafunk_ghost_berserking_beasts,
          uniq_grum
D:10:     layout_irregular_city, basic_altar, hex_medium
D:11:     cheibrodos_wizards_tower, layout_small_grid,
          nicolae_gozag_cash_rules_everything_around_me
D:12:     layout_rooms, minmay_orc_entry_temple_small,
          ebering_ghost_rock_garden, serial_shops, nicolae_shop_stone, shop,
          shop, shop, lemuel_mausoleum_altar_yredelemnul
Lair:1:   layout_hall_layers, st_stairs_7
Lair:2:   layout_hall_layers, bh_autumn_forest_stairs, beast_lair_carwin_10
Lair:3:   layout_roguey, minmay_swamp_entry_worms, spider_nest_entry_funnel_web

Skill      XL: |  1  2  3  4  5  6  7  8  9 10 11 12 |
---------------+-------------------------------------+-----
Fighting       | 4 5 6 7 8 9 10 | 10.4
Polearms       | 3 4 6 7 9 10 11 12 | 12.3
Dodging        | 1 2 3 4 5 |  5.8
Armour         | 4 5 6 7 8 9 10 | 10.6
Shields        | 4 5 6 7 8 |  8.7
Invocations    | 1 3 4 6 7 8 |  8.4
Stealth        | |  0.2

Action                   |  1- 3 |  4- 6 |  7- 9 | 10-12 || total
-------------------------+-------+-------+-------+-------++-------
Melee: Trident           |   120 |    10 |       |       ||   130
       Spear             |       |   227 |   516 |  1309 ||  2052
Invok: Convert to Beogh  |       |       |     1 |       ||     1
       Smiting           |       |       |       |     2 ||     2
       Recall Orcish Fol |       |       |       |     1 ||     1
  Use: Potion            |       |     1 |     3 |     9 ||    13
       Scroll            |       |       |    10 |    13 ||    23
 Stab: Distracted        |       |       |       |     2 ||     2
       Invisible         |       |       |       |     1 ||     1
       Confused          |       |       |       |     1 ||     1
  Eat: Chunk             |     1 |     6 |     9 |    24 ||    40
       Ration            |       |       |     1 |     2 ||     3
Armor: Scale mail        |    13 |       |       |       ||    13
       Plate armour      |    15 |   102 |   164 |   421 ||   702
       Chain mail        |    15 |       |       |       ||    15
Dodge: Dodged            |    16 |    23 |    57 |   182 ||   278
Block: Kite shield       |    59 |    71 |   181 |   459 ||   770

Table legend:
 A = Non-vault XP
 B = Vault XP
 C = Vault XP percentage of total XP
 D = Non-vault monster count
 E = Vault monster count
 F = Vault count percentage of total count
                 A         B        C        D         E       F
            +---------+---------+-------+---------+---------+-------
      Total |   21310 |    5965 |  21.9 |     278 |      48 |  14.7
            +---------+---------+-------+---------+---------+-------
        D:1 |      58 |       0 |   0.0 |      22 |       0 |   0.0
        D:2 |      76 |       0 |   0.0 |      17 |       0 |   0.0
        D:3 |     227 |       0 |   0.0 |      28 |       0 |   0.0
        D:4 |     249 |      36 |  12.6 |      12 |       1 |   7.7
        D:5 |     780 |     296 |  27.5 |      22 |       7 |  24.1
        D:6 |     107 |       0 |   0.0 |       3 |       0 |   0.0
        D:7 |    1536 |     879 |  36.4 |      28 |       1 |   3.4
        D:8 |    3241 |     488 |  13.1 |      28 |      12 |  30.0
        D:9 |    1566 |     541 |  25.7 |      20 |       4 |  16.7
       D:10 |    2911 |       0 |   0.0 |      28 |       0 |   0.0
       D:11 |    2273 |     735 |  24.4 |      24 |       1 |   4.0
       D:12 |    1845 |       0 |   0.0 |      15 |       0 |   0.0
     Lair:1 |    4348 |     137 |   3.1 |      19 |       1 |   5.0
     Lair:2 |    1378 |    2578 |  65.2 |       8 |       8 |  50.0
     Lair:3 |     715 |       0 |   0.0 |       4 |       0 |   0.0
    Ossuary |       0 |     275 | 100.0 |       0 |      13 | 100.0
            +---------+---------+-------+---------+---------+-------
